[Event "Titled Tuesday Blitz November 29 Early 2022"]
[White "Cramling Bellon, Anna"]
[Black "Fernandez De La Vara, Arnaldo"]
[WhiteFideId "32009232"]
[BlackFideId "3518388"]
[WhiteElo "1972"]
[BlackElo "2387"]
[Result "1/2-1/2"]
[Round "02"]
[TimeControl "180+1"]
[Date "2022.11.30"]
[WhiteClock "0:00:16"]
[BlackClock "0:00:14"]

1. d4 c5 2. d5 Nf6 3. c4 b5 4. cxb5 a6 5. Nc3 g6 6. e4 d6 7. Bd2 Bg7 8. a4 O-O 9. Nf3 e6 10. Be2 exd5 11. exd5 Nbd7 12. O-O axb5 13. axb5 Rxa1 14. Qxa1 Nb6 15. Qa7 Nfxd5 16. Bg5 Qc7 17. Qxc7 Nxc7 18. Be7 Re8 19. Bxd6 Bxc3 20. Bxc7 Rxe2 21. Bxb6 Rxb2 22. Bxc5 Rxb5 23. Bd4 Ba5 24. Rc1 Be6 25. h3 h6 26. Rc5 Rb1+ 27. Kh2 Bd8 28. Rc2 Rb8 29. g3 Kh7 30. Ne5 Rc8 31. Rxc8 Bxc8 32. Nxf7 Be7 33. Ne5 Be6 34. Nd3 g5 35. Bc5 Bf6 36. Kg2 Bd8 37. f3 Bd5 38. Be3 Kg6 39. Ne5+ Kf5 40. Ng4 Kg6 41. Ne5+ Kh7 42. Kf2 Be6 43. h4 Bc7 44. Ng4 gxh4 45. gxh4 h5 46. Nf6+ Kg6 47. Ne8 Be5 48. f4 Bb2 49. Nc7 Bd7 50. Nd5 Kf5 51. Ne7+ Kg4 52. Ng6 Kf5 53. Ne5 Bc8 54. Nf3 Bb7 55. Ng5 Kg4 56. Ne6 Kxh4 57. f5 Kg4 58. Nd4 Bxd4 59. Bxd4 Kxf5 60. Kg3 Bc6 61. Bg1 Kg6 62. Kh4 Bd5 63. Bh2 Be6 64. Bg3 Bf5 65. Bh2 Be6 66. Bg3 Bg4 67. Bh2 Kf5 68. Bg3 Ke4 69. Bf2 Kf3 70. Bg3 Kg2 71. Bd6 Kf3 72. Be7 Ke4 73. Bf8 Ke3 74. Bh6+ Kf3 75. Bg5 Ke4 76. Bh6 Kf5 77. Bg5 Kg6 78. Bd2 Kf7 79. Bc3 Ke7 80. Bd2 Ke6 81. Be3 1/2-1/2


[Site "https://www.chess.com"]

[Event "Titled Tuesday Blitz November 29 Early 2022"]
[White "Csonka, Balazs"]
[Black "Lopez Del Alamo, Antonio"]
[WhiteFideId "742910"]
[BlackFideId "2227339"]
[WhiteElo "2404"]
[BlackElo "2175"]
[Result "1-0"]
[Round "02"]
[TimeControl "180+1"]
[Date "2022.11.30"]
[WhiteClock "0:00:11"]
[BlackClock "0:00:18"]

1. e4 c5 2. Nf3 e6 3. d4 cxd4 4. Nxd4 Nf6 5. Nc3 Nc6 6. g3 Bb4 7. Bg2 Qb6 8. Nb3 Qa6 9. Bd2 O-O 10. a4 d5 11. Nb5 Bxd2+ 12. Qxd2 Qb6 13. exd5 exd5 14. O-O a6 15. N5d4 Ne5 16. Rfe1 Nc4 17. Qc3 Bd7 18. Bxd5 Nxd5 19. Qxc4 Nf6 20. a5 Qd6 21. Qc5 Qb8 22. Rad1 Rc8 23. Qe5 Qa7 24. c3 Ba4 25. Ra1 Re8 26. Qc5 Rxe1+ 27. Rxe1 Qb8 28. Qb4 Bxb3 29. Qxb3 Qc7 30. Nf5 g6 31. Re7 1-0


[Site "https://www.chess.com"]

[Event "Titled Tuesday Blitz November 29 Early 2022"]
[White "Czopor, Maciej"]
[Black "Praggnanandhaa R"]
[WhiteFideId "21805431"]
[BlackFideId "25059530"]
[WhiteElo "2324"]
[BlackElo "2599"]
[Result "0-1"]
[Round "02"]
[TimeControl "180+1"]
[Date "2022.11.30"]
[WhiteClock "0:00:02"]
[BlackClock "0:00:05"]

1. c4 b6 2. Nc3 Bb7 3. e4 e6 4. d4 Bb4 5. f3 Ne7 6. Bd2 O-O 7. a3 Bxc3 8. Bxc3 f5 9. e5 d6 10. Ne2 Ng6 11. Qd2 dxe5 12. dxe5 Nd7 13. O-O-O Ndxe5 14. Qxd8 Raxd8 15. Nd4 Rfe8 16. Be2 a6 17. Rhe1 c5 18. Nc2 Nf7 19. b4 Nd6 20. Na1 Rd7 21. bxc5 bxc5 22. Nb3 Rc8 23. Rd2 Nh8 24. Bf1 Kf7 25. Red1 Ke7 26. Bxg7 Nhf7 27. Bb2 Ba8 28. a4 Rb7 29. Na5 Rb4 30. Kc2 Rxa4 31. Nb3 Rc7 32. Ra1 Rxa1 33. Bxa1 Bb7 34. Bc3 Bc8 35. Ba5 Rc6 36. g3 e5 37. Rd5 Be6 38. Rxc5 Rxc5 39. Nxc5 Bxc4 40. Bxc4 Nxc4 41. Bb4 a5 42. Kb3 axb4 43. Kxc4 Ng5 44. f4 exf4 45. gxf4 Nf3 46. Kxb4 Nxh2 47. Kc4 Kd6 48. Nd3 Ng4 49. Kd4 h5 50. Ne1 h4 51. Nf3 h3 52. Nh4 Ke6 0-1


[Site "https://www.chess.com"]

[Event "Titled Tuesday Blitz November 29 Early 2022"]
[White "D`Arruda, Ricardo D."]
[Black "Lauridsen, Jesper Morch"]
[WhiteFideId "100692"]
[BlackFideId "1401890"]
[WhiteElo "2476"]
[BlackElo "2238"]
[Result "0-1"]
[Round "02"]
[TimeControl "180+1"]
[Date "2022.11.30"]
[WhiteClock "0:01:28"]
[BlackClock "0:01:17"]

1. d4 d5 2. Nf3 e6 3. g3 c5 4. Bg2 Nc6 5. O-O Nf6 6. c4 cxd4 7. Nxd4 Bc5 8. Nb3 Bb6 9. cxd5 exd5 10. Bg5 d4 11. N1d2 h6 12. Bxf6 Qxf6 13. Nc4 O-O 14. Nxb6 axb6 15. Bxc6 bxc6 16. Qxd4 Qd8 17. Qxd8 Rxd8 18. e3 Be6 19. Nd4 Bd5 20. a3 c5 21. Nb5 Bc4 22. Nc7 Rac8 23. Rfc1 Bd3 0-1


[Site "https://www.chess.com"]

[Event "Titled Tuesday Blitz November 29 Early 2022"]
[White "Danielyan, Vahe"]
[Black "Hansen, Eric"]
[WhiteFideId "13304828"]
[BlackFideId "2606771"]
[WhiteElo "2423"]
[BlackElo "2568"]
[Result "0-1"]
[Round "02"]
[TimeControl "180+1"]
[Date "2022.11.30"]
[WhiteClock "0:00:02"]
[BlackClock "0:00:38"]

1. e4 c5 2. Nc3 Nc6 3. Bb5 Nd4 4. Bc4 e6 5. Nge2 a6 6. d3 Ne7 7. Nxd4 cxd4 8. Ne2 Nc6 9. O-O Bc5 10. c3 dxc3 11. d4 Be7 12. bxc3 d5 13. Bd3 O-O 14. Qc2 g6 15. Bh6 Re8 16. e5 Bg5 17. Bxg5 Qxg5 18. f4 Qe7 19. Rf3 Bd7 20. Raf1 Rac8 21. Qb1 b5 22. f5 exf5 23. Nf4 Be6 24. Rg3 Kh8 25. Qe1 Rg8 26. Rh3 Rg7 27. Qg3 Kg8 28. Qf3 Qd8 29. Rg3 Na5 30. Be2 Nc4 31. Bxc4 Rxc4 32. h4 b4 33. h5 Rxc3 34. Qf2 Kh8 35. Rxc3 bxc3 36. h6 Rg8 37. Rc1 Qa5 38. Qe3 g5 39. Nh5 f4 40. Qd3 Rg6 41. Rb1 Bc8 42. Rb8 Qc7 43. Ra8 c2 0-1


[Site "https://www.chess.com"]

[Event "Titled Tuesday Blitz November 29 Early 2022"]
[White "Decuigniere, Tom"]
[Black "Zhigalko, Sergei"]
[WhiteFideId "26093820"]
[BlackFideId "13502956"]
[WhiteElo "2252"]
[BlackElo "2662"]
[Result "0-1"]
[Round "02"]
[TimeControl "180+1"]
[Date "2022.11.30"]
[WhiteClock "0:00:26"]
[BlackClock "0:00:05"]

1. c4 e5 2. Nc3 Nf6 3. g3 c6 4. Nf3 d6 5. Bg2 Be7 6. O-O O-O 7. d3 h6 8. Rb1 Be6 9. b4 Nbd7 10. b5 d5 11. bxc6 bxc6 12. cxd5 cxd5 13. Bb2 Rb8 14. e3 Qa5 15. Qa4 Qxa4 16. Nxa4 Rb4 17. Nc3 d4 18. Ba3 Rxb1 19. Nxb1 Bxa3 20. Nxa3 dxe3 21. fxe3 Rb8 22. d4 Bxa2 23. Nxe5 Nxe5 24. dxe5 Ng4 25. Ra1 Rb2 26. h3 Nxe5 27. Nb5 Rxb5 28. Rxa2 a5 29. Kf2 Nd3+ 30. Kf3 Rb2 31. Rxb2 Nxb2 32. Ke2 Kf8 33. Kd2 Nc4+ 34. Kd3 Nd6 35. g4 Ke7 36. Kd4 a4 37. Bd5 a3 38. e4 Nb5+ 39. Kd3 f6 40. Kc2 Kd6 41. Kb3 Ke5 42. Ka4 Nc3+ 43. Kxa3 Nxd5 44. exd5 Kxd5 0-1


[Site "https://www.chess.com"]

[Event "Titled Tuesday Blitz November 29 Early 2022"]
[White "Delorme, Alban"]
[Black "Sokolovsky, Yahli"]
[WhiteFideId "623636"]
[BlackFideId "2820242"]
[WhiteElo "2197"]
[BlackElo "2316"]
[Result "1-0"]
[Round "02"]
[TimeControl "180+1"]
[Date "2022.11.30"]
[WhiteClock "0:00:38"]
[BlackClock "0:00:05"]

1. d4 d6 2. e4 g6 3. Nc3 Bg7 4. Bg5 c5 5. dxc5 Qa5 6. Qd2 Qxc5 7. Be3 Qa5 8. f3 Nc6 9. Bb5 Bd7 10. Nge2 Rc8 11. O-O-O Nb4 12. Bxd7+ Kxd7 13. Kb1 Nf6 14. a3 Nc6 15. Nd4 Ne5 16. Nb3 Qc7 17. Bd4 Nc4 18. Qd3 Rhd8 19. e5 Nh5 20. exd6 Nxd6 21. Nd5 Qc4 22. Bxg7 Qxd3 23. Rxd3 Nxg7 24. Re1 Ne6 25. Nd4 Rc5 26. Nxe6 fxe6 27. Nf4 e5 28. Nd5 Rdc8 29. Rxe5 e6 30. Nf6+ Ke7 31. Rxc5 Rxc5 32. Rxd6 Kxf6 33. Rd7 Rg5 34. g3 Rh5 35. h4 Re5 36. Rxb7 Re3 37. Rxa7 h5 38. Ra8 Ke7 39. g4 Rxf3 40. gxh5 gxh5 41. Ra5 Rf1+ 42. Ka2 Rf5 43. Rxf5 exf5 44. Kb3 Ke6 45. Kc3 Ke5 46. Kd3 Kf4 47. Ke2 Kg3 48. Kf1 Kxh4 49. a4 Kg3 50. a5 h4 51. a6 h3 52. a7 1-0


[Site "https://www.chess.com"]

[Event "Titled Tuesday Blitz November 29 Early 2022"]
[White "Dilanyan, Grigor"]
[Black "Sethuraman, S.P."]
[WhiteFideId "13303570"]
[BlackFideId "5021596"]
[WhiteElo "2229"]
[BlackElo "2545"]
[Result "0-1"]
[Round "02"]
[TimeControl "180+1"]
[Date "2022.11.30"]
[WhiteClock "0:00:10"]
[BlackClock "0:00:43"]

1. e4 c5 2. Nf3 e6 3. g3 Nc6 4. Bg2 Nf6 5. Nc3 d6 6. O-O Be7 7. Re1 O-O 8. d4 cxd4 9. Nxd4 Qc7 10. Ndb5 Qb8 11. Bf4 Rd8 12. a4 a6 13. Na3 Ne5 14. Qe2 Bd7 15. Rad1 Bc6 16. a5 Qc7 17. Bxe5 dxe5 18. Nc4 Bb4 19. Qe3 Bxa5 20. h3 h6 21. Kh2 Rxd1 22. Rxd1 Bxc3 23. Qxc3 Bxe4 24. Nxe5 Qxc3 25. bxc3 Bxg2 26. Kxg2 b5 27. Ra1 Nd5 28. c4 bxc4 29. Nxc4 Rc8 30. Nd6 Rc6 31. Ne4 f5 32. Nd2 Rxc2 33. Nb3 Rc6 34. Ra5 Kf7 35. Nc5 Nc7 36. Nd3 Ke7 37. Kf3 g5 38. Ke2 Nd5 39. Nc5 Nb4 40. Kd2 Kd6 41. Nb7+ Kc7 42. Nc5 Kb6 43. Nb3 Rc2+ 44. Ke1 Rb2 45. Nd2 Rxd2 0-1


[Site "https://www.chess.com"]

[Event "Titled Tuesday Blitz November 29 Early 2022"]
[White "Donskov, Anatoly"]
[Black "Fabris, Alberto"]
[WhiteFideId "24143413"]
[BlackFideId "801348"]
[WhiteElo "2219"]
[BlackElo "2138"]
[Result "1-0"]
[Round "02"]
[TimeControl "180+1"]
[Date "2022.11.30"]
[WhiteClock "0:00:10"]
[BlackClock "0:00:09"]

1. e4 c6 2. d4 d5 3. Nc3 dxe4 4. Nxe4 Bf5 5. Ng3 Bg6 6. Nh3 e5 7. dxe5 Qa5+ 8. c3 Qxe5+ 9. Be2 Nf6 10. O-O Be7 11. Qb3 Qc7 12. Bf4 Qb6 13. Rfe1 O-O 14. Bc4 Qxb3 15. axb3 Bc5 16. b4 Bb6 17. Re7 Nbd7 18. Rd1 Rad8 19. Bg5 h6 20. Bf4 Rfe8 21. Rxe8+ Rxe8 22. Kf1 Nf8 23. f3 Ne6 24. Bc1 Rd8 25. Rxd8+ Nxd8 26. Nf4 Kf8 27. Nxg6+ fxg6 28. Ke2 Ke7 29. Nf1 Ne6 30. g3 Kd6 31. Ne3 a6 32. Bb3 Bc7 33. Bc2 g5 34. Nf5+ Kd7 35. Bb3 Nd5 36. Bd2 Be5 37. Be1 Bf6 38. Bf2 Nec7 39. Bc2 Ne7 40. Ne3 Ncd5 41. Nc4 b5 42. Nd2 Nc8 43. Nb3 Be7 44. Bf5+ Kc7 45. Bd4 Bf6 46. Bc5 Nd6 47. Bd3 Nb6 48. Bxd6+ Kxd6 49. Nc5 a5 50. Ne4+ Ke5 51. bxa5 Na8 52. a6 Bd8 53. Nc5 Kd5 54. b4 Bb6 55. Be4+ Kd6 56. Nb3 Ba7 57. Kd3 Nb6 58. Nd4 Nc4 59. Nxc6 Bb6 60. a7 Bxa7 61. Nxa7 Ne5+ 62. Kd4 Nc6+ 63. Nxc6 1-0


[Site "https://www.chess.com"]

[Event "Titled Tuesday Blitz November 29 Early 2022"]
[White "Drygalov, Sergey"]
[Black "Aldokhin, Ivan"]
[WhiteFideId "24171743"]
[BlackFideId "24115720"]
[WhiteElo "2528"]
[BlackElo "2313"]
[Result "0-1"]
[Round "02"]
[TimeControl "180+1"]
[Date "2022.11.30"]
[WhiteClock "0:00:06"]
[BlackClock "0:00:17"]

1. d4 Nf6 2. c4 g6 3. Nc3 Bg7 4. e4 d6 5. Nf3 O-O 6. Be2 Nc6 7. d5 Nb4 8. O-O Re8 9. Bg5 h6 10. Bh4 e6 11. Re1 exd5 12. exd5 g5 13. Bg3 Ne4 14. Nxe4 Rxe4 15. Qd2 a5 16. a3 Na6 17. Bd3 Rxe1+ 18. Rxe1 Nc5 19. Bb1 a4 20. h4 g4 21. Nd4 Bd7 22. Nf5 Bxf5 23. Bxf5 Qf6 24. Bxg4 Qxb2 25. Qf4 Nd3 26. Qe4 Nxe1 27. Qxe1 Qxa3 28. Qe7 Qa1+ 29. Kh2 a3 30. Qxc7 a2 31. Qxb7 Rf8 32. c5 Qd4 33. Bf3 Qxc5 34. Qa7 Qxa7 0-1


[Site "https://www.chess.com"]

[Event "Titled Tuesday Blitz November 29 Early 2022"]
[White "Dubov, Daniil"]
[Black "Jakubowski, Krzysztof"]
[WhiteFideId "24126055"]
[BlackFideId "1112848"]
[WhiteElo "2791"]
[BlackElo "2373"]
[Result "1-0"]
[Round "02"]
[TimeControl "180+1"]
[Date "2022.11.30"]
[WhiteClock "0:00:32"]
[BlackClock "0:00:09"]

1. e4 c5 2. Nf3 d6 3. d4 cxd4 4. Nxd4 Nf6 5. Nc3 a6 6. g3 e6 7. Bg2 Be7 8. O-O O-O 9. b3 Qc7 10. Bb2 Nfd7 11. Nce2 b5 12. e5 d5 13. Nf4 Nxe5 14. Re1 Ng6 15. Nf5 Nxf4 16. Qd4 Bf6 17. Nh6+ Kh8 18. Qxf6 Nh5 19. Qg5 Qxc2 20. Ba3 gxh6 21. Qxh5 Rg8 22. Qxf7 Qc3 23. Rab1 Rg7 24. Qf8+ Rg8 25. Qxh6 Qg7 26. Bb2 d4 27. Qxg7+ 1-0


[Site "https://www.chess.com"]

[Event "Titled Tuesday Blitz November 29 Early 2022"]
[White "Fajdetic, Hrvoje"]
[Black "Gonzalez, Francisco Silva"]
[WhiteFideId "14501945"]
[BlackFideId "1512285"]
[WhiteElo "2172"]
[BlackElo "2159"]
[Result "0-1"]
[Round "02"]
[TimeControl "180+1"]
[Date "2022.11.30"]
[WhiteClock "0:00:01"]
[BlackClock "0:01:33"]

1. b3 e5 2. Bb2 Nc6 3. d3 Nf6 4. Nd2 d5 5. g3 Bb4 6. Bg2 O-O 7. a3 Bc5 8. b4 Bd6 9. h3 Re8 10. e4 dxe4 11. dxe4 Nd4 12. Ne2 c5 13. c3 Ne6 14. Nc4 Bc7 15. O-O b5 16. Ne3 Bb7 17. Nd5 a5 18. a4 cxb4 19. axb5 bxc3 20. Bxc3 Nxd5 21. exd5 Nc5 22. Qc2 Bd6 23. Rfd1 Qb6 24. Qb2 f5 25. Kh2 Ne4 26. Bxe4 fxe4 27. Kg2 a4 28. Nc1 a3 29. Qe2 Rf8 30. Nb3 Rf3 31. Be1 Raf8 32. Nd2 Bxd5 33. Qxf3 exf3+ 0-1


[Site "https://www.chess.com"]

[Event "Titled Tuesday Blitz November 29 Early 2022"]
[White "Fernandez Garcia, Gumersindo"]
[Black "Leve, Nitai"]
[WhiteFideId "24516740"]
[BlackFideId "2006898"]
[WhiteElo "2140"]
[BlackElo "2144"]
[Result "0-1"]
[Round "02"]
[TimeControl "180+1"]
[Date "2022.11.30"]
[WhiteClock "0:00:25"]
[BlackClock "0:00:11"]

1. e4 e6 2. d4 d5 3. Bd3 dxe4 4. Bxe4 Nf6 5. Bf3 c5 6. Ne2 cxd4 7. Nxd4 Bc5 8. Be3 O-O 9. O-O Nd5 10. Bxd5 Qxd5 11. Nc3 Qc4 12. Qe2 Qxe2 13. Ncxe2 a6 14. Rfd1 Nd7 15. Nc3 b5 16. Ne4 Bb7 17. Nxc5 Nxc5 18. Nxb5 axb5 19. Bxc5 Rfc8 20. b4 Ra3 21. Rd2 Bd5 22. h3 h6 23. c3 Rca8 24. Bd4 Rxa2 25. Raxa2 Rxa2 26. Rd3 Rc2 27. Rg3 g6 28. h4 h5 29. Kh2 Kf8 30. Re3 Bc4 31. Re1 Re2 32. Ra1 Ke7 33. Ra7+ Ke8 34. Rb7 e5 35. Bc5 e4 36. Re7+ Kd8 37. f3 exf3 38. Rb7 Rxg2+ 39. Kh1 Rg4 40. Rb8+ Kc7 41. Ra8 f2 42. Bxf2 Bd5+ 43. Kh2 Bxa8 44. Bg3+ Kc6 45. Kh3 Kd5 46. Bc7 Kc4 47. Be5 Re4 48. Bf6 Re3+ 49. Kh2 Rxc3 50. Bxc3 Kxc3 51. Kg3 Kxb4 52. Kf4 Kc4 53. Kg5 Bd5 54. Kf6 b4 55. Kg5 b3 56. Kh6 b2 57. Kg7 b1=Q 58. Kh7 Qf5 59. Kg8 f6+ 60. Kh7 Qg4 61. Kh6 Qxh4 62. Kg7 g5 63. Kh6 g4 64. Kg7 Qg5+ 65. Kh7 f5 66. Kh8 Qg8# 0-1


[Site "https://www.chess.com"]

[Event "Titled Tuesday Blitz November 29 Early 2022"]
[White "Fernandez Siles, Luis"]
[Black "Hambleton, Aman"]
[WhiteFideId "2209420"]
[BlackFideId "2606577"]
[WhiteElo "2186"]
[BlackElo "2538"]
[Result "1-0"]
[Round "02"]
[TimeControl "180+1"]
[Date "2022.11.30"]
[WhiteClock "0:01:16"]
[BlackClock "0:00:02"]

1. d4 Nf6 2. c4 e6 3. Nf3 b6 4. Nc3 Bb7 5. a3 d5 6. cxd5 Nxd5 7. Qc2 Be7 8. e4 Nxc3 9. bxc3 c5 10. Bd3 Qc8 11. Qd2 O-O 12. O-O Rd8 13. Bb2 Nc6 14. Qf4 Ba6 15. Rad1 Bxd3 16. Rxd3 cxd4 17. cxd4 Na5 18. Rc1 Qa6 19. Ne5 Bf6 20. Rg3 Nc4 21. Qxf6 g6 22. Qxf7+ Kh8 23. Rxg6 Rg8 24. Qf6+ 1-0


[Site "https://www.chess.com"]

[Event "Titled Tuesday Blitz November 29 Early 2022"]
[White "Firouzja, Alireza"]
[Black "Trost, Edvin"]
[WhiteFideId "12573981"]
[BlackFideId "1729519"]
[WhiteElo "2903"]
[BlackElo "2247"]
[Result "1-0"]
[Round "02"]
[TimeControl "180+1"]
[Date "2022.11.30"]
[WhiteClock "0:01:01"]
[BlackClock "0:00:10"]

1. d4 Nf6 2. Bg5 d5 3. e3 Nbd7 4. c4 e6 5. cxd5 exd5 6. Nc3 h6 7. Bh4 Bb4 8. Bd3 O-O 9. Ne2 c6 10. O-O Re8 11. a3 Bd6 12. Qd2 Nf8 13. f3 Ng6 14. Bf2 c5 15. Kh1 Nf8 16. Nb5 Be7 17. e4 a6 18. e5 axb5 19. exf6 Bxf6 20. dxc5 Bd7 21. Nd4 Bxd4 22. Bxd4 Ne6 23. Bf2 Bc6 24. Rfe1 d4 25. Qb4 Qd7 26. Bf1 Rad8 27. Rad1 Qd5 28. Bxb5 Bxb5 29. Qxb5 Qxc5 30. Qxc5 Nxc5 31. Rxe8+ Rxe8 32. Rxd4 Nb3 33. Rb4 Na5 34. h3 Re2 35. Bg3 Rc2 36. Kh2 f6 37. h4 Kf7 38. Rb5 Nc4 39. Rxb7+ Kg6 40. Rc7 Kf5 41. a4 g5 42. b3 Ne3 43. Rxc2 Nxc2 44. a5 Nb4 45. Be1 Na6 46. b4 Nc7 47. Bg3 Nb5 48. a6 gxh4 49. Bf2 1-0


[Site "https://www.chess.com"]

[Event "Titled Tuesday Blitz November 29 Early 2022"]
[White "Flis, Pawel"]
[Black "Kvaloy, Aksel Bu"]
[WhiteFideId "1112864"]
[BlackFideId "1528815"]
[WhiteElo "1817"]
[BlackElo "2184"]
[Result "0-1"]
[Round "02"]
[TimeControl "180+1"]
[Date "2022.11.30"]
[WhiteClock "0:00:13"]
[BlackClock "0:00:42"]

1. e4 e5 2. d4 exd4 3. Nf3 Nc6 4. Bc4 Nf6 5. e5 d5 6. Bb5 Ne4 7. Nxd4 Bd7 8. Bxc6 bxc6 9. O-O Bc5 10. Be3 O-O 11. f3 Ng5 12. f4 f6 13. fxg5 fxe5 14. Nf5 d4 15. Nxd4 Rxf1+ 16. Qxf1 Bxd4 17. Bxd4 exd4 18. Qc4+ Kh8 19. Qxd4 Bf5 20. Qxd8+ Rxd8 21. Nc3 Rd2 22. Re1 Kg8 23. Re2 Rxc2 24. Rxc2 Bxc2 25. Kf2 Kf7 26. Ke3 Ke6 27. g4 c5 28. h4 g6 29. Kf4 a6 30. Ne4 Bxe4 31. Kxe4 Kd6 32. h5 Ke6 33. b3 Kd6 34. Kf4 Kd5 35. hxg6 hxg6 36. Ke3 Ke5 37. Kf3 Kd4 38. Kf4 a5 39. Kf3 c4 40. bxc4 Kxc4 41. Kf4 Kd4 42. Kf3 Kd3 43. Kf4 c5 44. Ke5 c4 45. Kf6 c3 46. Kxg6 c2 47. Kh7 c1=Q 48. g6 Qg5 49. g7 Qxg4 50. g8=Q Qxg8+ 51. Kxg8 Kc3 52. Kf7 Kb2 53. Ke6 Kxa2 54. Kd5 Kb3 55. Kd4 a4 56. Kd3 a3 57. Kd2 Kb2 58. Kd1 a2 59. Kd2 a1=Q 60. Ke3 Qc1+ 61. Ke4 Qc3 62. Kd5 Kc2 63. Ke6 Qd3 64. Kf6 Kc3 65. Ke6 Qd4 66. Kf7 Kc4 67. Ke8 Qd5 68. Kf8 Kc5 69. Kg7 Qd6 70. Kh8 Kd5 71. Kg7 Qe6 72. Kh8 Qe7 73. Kg8 Ke6 74. Kh8 Kf6 75. Kg8 Qg7# 0-1


[Site "https://www.chess.com"]

[Event "Titled Tuesday Blitz November 29 Early 2022"]
[White "Forgacs, Attila Jr."]
[Black "Boyer, Mahel"]
[WhiteFideId "773654"]
[BlackFideId "45102422"]
[WhiteElo "2168"]
[BlackElo "2454"]
[Result "0-1"]
[Round "02"]
[TimeControl "180+1"]
[Date "2022.11.30"]
[WhiteClock "0:00:04"]
[BlackClock "0:01:57"]

1. e4 c5 2. d3 d6 3. g3 g6 4. Bg2 Bg7 5. f4 Bh3 6. Nxh3 Nc6 7. Nc3 e6 8. Nf2 h5 9. O-O h4 10. g4 g5 11. f5 Nge7 12. h3 Be5 13. Bxg5 Qb6 14. Qd2 Qxb2 15. Ne2 O-O-O 16. Bxe7 Nxe7 17. Rfb1 Qa3 18. Rb3 Qa4 19. Rab1 b6 20. c3 Nc6 21. d4 cxd4 22. cxd4 Nxd4 23. Nxd4 Qxd4 24. Qxd4 Bxd4 25. Kf1 Kb8 26. Rd1 Be5 27. Rc1 Bf4 28. Rc2 Rc8 29. Rbc3 Rc5 30. Rxc5 bxc5 31. Nd3 Bg3 32. Rb2+ Kc7 33. Ke2 Rc8 34. e5 c4 35. Rb7+ Kd8 36. Nb4 dxe5 37. Rxf7 exf5 38. gxf5 c3 39. Kd3 Rc5 40. Nc6+ Ke8 41. Re7+ Kf8 42. Rxa7 c2 43. f6 c1=Q 44. Ra8+ Kf7 0-1


[Site "https://www.chess.com"]

[Event "Titled Tuesday Blitz November 29 Early 2022"]
[White "Fromm, Marius"]
[Black "Gareyev, Timur"]
[WhiteFideId "12993190"]
[BlackFideId "14200937"]
[WhiteElo "2325"]
[BlackElo "2552"]
[Result "0-1"]
[Round "02"]
[TimeControl "180+1"]
[Date "2022.11.30"]
[WhiteClock "0:00:01"]
[BlackClock "0:00:15"]

1. e4 g6 2. d4 d6 3. Nc3 a6 4. Be3 Nd7 5. Nf3 b5 6. Bd3 Bb7 7. a4 b4 8. Ne2 Bg7 9. Qd2 Ngf6 10. Ng3 a5 11. c3 O-O 12. Bh6 c5 13. Bxg7 Kxg7 14. O-O e5 15. Rfe1 Qe7 16. Qg5 Kh8 17. Bb5 cxd4 18. Bxd7 dxc3 19. bxc3 bxc3 20. Bb5 Rac8 21. Rac1 Rc5 22. Rc2 Rfc8 23. Rec1 Ng8 24. Qe3 Qc7 25. Ne2 Nf6 26. Rxc3 Nxe4 27. Rxc5 Nxc5 28. h4 f6 29. h5 g5 30. Ng3 Bd5 31. Rd1 Be6 32. Nd2 d5 33. Nf3 d4 34. Nxd4 exd4 35. Qxd4 Qf7 36. Rc1 Qe7 37. h6 Kg8 38. Nh5 Kf7 39. Re1 Rd8 40. Qe3 Rd5 41. Bc4 Re5 42. Qd2 Bxc4 43. Rxe5 Qxe5 44. g3 Kg6 45. Ng7 Kxh6 0-1


[Site "https://www.chess.com"]

[Event "Titled Tuesday Blitz November 29 Early 2022"]
[White "Gabrielian, Artur"]
[Black "Bruned, Yvain"]
[WhiteFideId "4131002"]
[BlackFideId "2250292"]
[WhiteElo "2432"]
[BlackElo "2183"]
[Result "1-0"]
[Round "02"]
[TimeControl "180+1"]
[Date "2022.11.30"]
[WhiteClock "0:01:31"]
[BlackClock "0:01:17"]

1. e4 b6 2. d4 Bb7 3. Nc3 e6 4. a3 d5 5. exd5 exd5 6. Nf3 Nf6 7. Bb5+ c6 8. Bd3 Be7 9. O-O O-O 10. Re1 Nbd7 11. Ne2 Re8 12. Ng3 Bf8 13. Bf4 c5 14. c3 Ne4 15. Qc2 Ndf6 16. Ne5 cxd4 17. cxd4 Rc8 18. Qb3 Nxg3 19. hxg3 Ne4 20. Bxe4 Rxe5 21. Bxh7+ Kxh7 22. Bxe5 f6 23. Bf4 Ba6 24. Rac1 Bc4 25. Qf3 Kg8 26. b3 Ba6 27. Rxc8 Bxc8 28. a4 a6 29. Qe2 Qd7 30. Qe8 b5 31. axb5 axb5 32. Qxd7 Bxd7 33. Rc1 Bf5 34. Rc7 Bb1 35. Rd7 Ba2 36. Rxd5 b4 37. Rb5 Bxb3 38. Bd2 Bc4 39. Rb8 Kf7 40. Bxb4 Bxb4 41. Rxb4 Bd5 42. Rb6 g6 43. f3 Ke7 44. g4 g5 45. Kf2 Be6 46. Ke3 Bc4 47. Ke4 Be6 48. d5 Bd7 49. Kd4 Kd8 50. Kc5 Ke7 51. Rb7 1-0


[Site "https://www.chess.com"]

[Event "Titled Tuesday Blitz November 29 Early 2022"]
[White "Garagulya, Konstantin"]
[Black "Postny, Evgeny"]
[WhiteFideId "4128931"]
[BlackFideId "2804344"]
[WhiteElo "2329"]
[BlackElo "2476"]
[Result "1/2-1/2"]
[Round "02"]
[TimeControl "180+1"]
[Date "2022.11.30"]
[WhiteClock "0:00:07"]
[BlackClock "0:00:01"]

1. d4 d5 2. Nf3 Nf6 3. Bg5 Ne4 4. Bf4 e6 5. Nbd2 Bd6 6. Bxd6 cxd6 7. e3 O-O 8. Bd3 f5 9. c4 dxc4 10. Nxc4 Nc6 11. O-O Qe7 12. Rc1 Bd7 13. a3 Kh8 14. b4 Nd8 15. Nfd2 Nf6 16. Qc2 Rc8 17. Qb2 Bb5 18. Qb3 Nf7 19. a4 Bc6 20. Na5 Bd5 21. Bc4 Ng5 22. Bxd5 Nxd5 23. b5 h5 24. Qa3 Rce8 25. Nac4 Rd8 26. f4 Ne4 27. Nxe4 fxe4 28. Nd2 Nf6 29. Qc3 Rc8 30. Qxc8 Rxc8 31. Rxc8+ Kh7 32. h3 d5 33. Rfc1 Qa3 34. Nf1 Qxa4 35. R1c7 Qxb5 36. Rf8 h4 37. Rxf6 a5 38. Rff7 a4 39. Rxg7+ Kh6 40. Rxb7 Qd3 41. Rh7+ Kg6 42. Rhg7+ Kh6 43. Rg4 a3 44. Rxh4+ Kg6 45. Ra7 Qb3 46. Rg4+ Kh6 47. Rgg7 a2 48. Rge7 Kg6 49. Rxe6+ Kf5 50. Rea6 Qb6 51. Rxa2 Qa6 52. R7xa6 1/2-1/2


[Site "https://www.chess.com"]

[Event "Titled Tuesday Blitz November 29 Early 2022"]
[White "Georg, Heinz"]
[Black "Shuvalov, Evgenij"]
[WhiteFideId "4607295"]
[BlackFideId "4187237"]
[WhiteElo "2339"]
[BlackElo "2049"]
[Result "0-1"]
[Round "02"]
[TimeControl "180+1"]
[Date "2022.11.30"]
[WhiteClock "0:00:14"]
[BlackClock "0:01:35"]

1. e4 e6 2. d4 d5 3. Nc3 Bb4 4. Ne2 dxe4 5. a3 Bxc3+ 6. Nxc3 Nc6 7. Be3 Nf6 8. Bb5 Bd7 9. Qd2 Ne7 10. Be2 Bc6 11. O-O-O Nf5 12. g4 Nxe3 13. Qxe3 Nd5 14. Nxd5 exd5 15. f3 Qe7 16. c4 O-O-O 17. cxd5 Bxd5 18. Bd3 Rhe8 19. Rhe1 Qh4 20. fxe4 Qxg4 21. Rg1 Qh4 22. Rxg7 Bxe4 23. Bc4 Bc2 0-1


[Site "https://www.chess.com"]

[Event "Titled Tuesday Blitz November 29 Early 2022"]
[White "Gjestemoen-VonHirsch, Andre"]
[Black "Tsukerman, Julia"]
[WhiteFideId "1539531"]
[BlackFideId "2621649"]
[WhiteElo "2198"]
[BlackElo "1667"]
[Result "1-0"]
[Round "02"]
[TimeControl "180+1"]
[Date "2022.11.30"]
[WhiteClock "0:00:09"]
[BlackClock "0:00:20"]

1. b3 d5 2. Bb2 e6 3. f4 Nf6 4. Nf3 Be7 5. e3 c5 6. Be2 O-O 7. O-O Nc6 8. Qe1 b6 9. d3 Bb7 10. Nbd2 Qc7 11. a3 d4 12. exd4 Nxd4 13. Nxd4 cxd4 14. Rc1 Rad8 15. Qf2 Qc6 16. Bf3 Qc7 17. Ne4 Rd7 18. f5 exf5 19. Nxf6+ Bxf6 20. Bxb7 Qxb7 21. Qxf5 Qd5 22. Qxd5 Rxd5 23. Rce1 Rc8 24. Re2 Re5 25. Rxe5 Bxe5 26. Rf2 f6 27. Re2 Kf7 28. g3 Rc7 29. Kf2 Re7 30. Kf3 Ke8 31. Re4 Rd7 32. g4 Kd8 33. h4 h6 34. g5 hxg5 35. hxg5 Kc8 36. g6 Kc7 37. Rh4 Kb7 38. Ke4 Kc7 39. Kf5 Kc6 40. a4 a6 41. Rh8 Rc7 42. Rf8 Kd6 43. Ba3+ Kc6 44. Rf7 Rd7 45. Ke6 Rd6+ 46. Bxd6 Bxd6 47. Rxg7 1-0


[Site "https://www.chess.com"]